 Dungeon Crawl Stone Soup version 0.22-a0-362-g535178c (webtiles) character file.

3120 Amnesiac the Shield-Bearer (level 9, -4/68 HPs)
             Began as a Mummy Necromancer on Apr 19, 2018.
             Was a Believer of Kikubaaqudgha.
             Splashed by Maurice's acid (14 damage)
             ... on level 8 of the Dungeon.
             The game lasted 00:14:35 (7169 turns).

Amnesiac the Shield-Bearer (Mummy Necromancer)      Turns: 7169, Time: 00:14:36

Health: -4/68      AC: 14    Str: 12    XL:     9   Next: 60%
Magic:  16/16      EV: 13    Int: 17    God:    Kikubaaqudgha [**....]
Gold:   357        SH:  0    Dex: 12    Spells: 15/18 levels left

rFire    x . .     SeeInvis .   a - +2 scimitar (protect)
rCold    + . .     Gourm    .   (no shield)
rNeg     + + +     Faith    .   d - +1 ring mail {rN+}
rPois    ∞         Spirit   .   e - +0 helmet
rElec    .         Reflect  .   i - +2 cloak
rCorr    .         Harm     .   (no gloves)
MR       +....                  n - +0 pair of boots
Stlth    +.........             (no amulet)
HPRegen  0.21/turn              o - ring of wizardry
MPRegen  0.15/turn              y - ring of flight

@: about to teleport, corroded, protection aura
A: no food or potions, fire vulnerability, cold resistance 1, negative energy
resistance 3, torment resistance, unbreathing
a: Receive Corpses, Renounce Religion, Evoke Flight


You were on level 8 of the Dungeon.
You worshipped Kikubaaqudgha.
Kikubaaqudgha was pleased with you.
You were not hungry.

You visited 2 branches of the dungeon, and saw 9 of its levels.

You collected 357 gold pieces.

Inventory:

Hand Weapons
 a - a +2 scimitar of protection (weapon)
 b - a +0 hunting sling
 s - a +1 vampiric dagger
 w - a +0 arbalest
 C - a +0 blowgun
Missiles
 c - 45 sling bullets
 g - 5 curare-tipped needles
 m - 51 stones (quivered)
 x - 11 bolts
Armour
 d - a +1 ring mail of positive energy (worn)
 e - a +0 helmet (worn)
 i - a +2 cloak (worn)
 l - a +0 shield
 n - a +0 pair of boots (worn)
Jewellery
 o - a ring of wizardry (left hand)
 y - a ring of flight (right hand)
Wands
 t - a wand of disintegration (4)
 v - a wand of random effects (30)
 z - a wand of polymorph (19)
Scrolls
 f - a scroll of noise {!r}
 h - 5 scrolls of remove curse {!r}
 j - a scroll of amnesia {!r}
 p - a scroll of magic mapping {!r}
 q - 4 scrolls of fog {!r}
 r - 3 scrolls of blinking {!r}
 u - a scroll of immolation {!r}
 B - 2 scrolls of identify {!r}


   Skills:
 + Level 5.3 Fighting
 * Level 6.7 Dodging
 - Level 1.5 Stealth
 * Level 6.8 Shields
 - Level 5.0 Spellcasting
 - Level 5.0 Necromancy


You had 15 spell levels left.
You knew the following spells:

 Your Spells              Type           Power        Failure   Level  Hunger
d - Vampiric Draining     Necr           ###.......   4%          3    N/A

Dungeon Overview and Level Annotations

Branches:
Dungeon (8/15)             Temple (1/1) D:4
   Lair: D:8-11

Altars:
Ashenzari
Cheibriados
Dithmenos
Elyvilon
Fedhas
Gozag
Hepliaklqana
Kikubaaqudgha
Makhleb
Nemelex Xobeh
Okawaru
Qazlal
Ru
Sif Muna
Trog
Uskayaw
Vehumet
Wu Jian
Xom
Yredelemnul
Zin
The Shining One

Shops:
D:4 *}::*   D:6 !

Annotations:
D:8 Maurice


Innate Abilities, Weirdness & Mutations

You do not eat or drink.
Your flesh is vulnerable to fire.
You are immune to poison.
Your flesh is cold resistant. (rC+)
You are immune to negative energy. (rN+++)
You are immune to unholy pain and torment.
You can survive without breathing.


Message History

No target in view!
Found 4 needles of sleeping.
You see here 4 needles of sleeping.
You now have 357 gold pieces (gained 23).
HP restored.
Key pressed, stopping explore.
Found 21 arrows.
q - 4 scrolls of fog {!r} (gained 1)
A howler monkey skeleton comes into view.
Found a ration and a ring of wizardry.
A howler monkey skeleton is nearby!
A howler monkey skeleton is nearby!
A shadow imp and Maurice come into view.
Maurice casts a spell.
Maurice puts on a burst of speed!
You slash the howler monkey skeleton!
Your weapon exudes an aura of protection.
The howler monkey skeleton is moderately damaged.
The howler monkey skeleton hits you but does no damage.
Maurice gestures wildly while chanting.
Maurice flickers and vanishes!
Deactivating autopickup; reactivate with Ctrl-A.
You hit the howler monkey skeleton.
The howler monkey skeleton is heavily damaged.
The howler monkey skeleton hits you but does no damage.
You hit the howler monkey skeleton.
The howler monkey skeleton is severely damaged.
The howler monkey skeleton closely misses you. x2
The shadow imp hits you but does no damage.
You hit the howler monkey skeleton.
The howler monkey skeleton is almost destroyed.
You hear a zap.
A bolt of acid appears from out of thin air!
The bolt of acid hits the shadow imp.
The shadow imp is splashed with acid.
The shadow imp dies!
The bolt of acid hits you! The acid corrodes you!
You are splashed with acid!
The acid burns!
The howler monkey skeleton misses you.
You slash the howler monkey skeleton!
You destroy the howler monkey skeleton!
Kikubaaqudgha accepts your kill. Something hits you but does no damage.
Something hits you.
* * * LOW HITPOINT WARNING * * *
Something steals your triangular ruby amulet!
Really read
k - a scroll of teleportation {!r}?
As you read the scroll of teleportation {!r}, it crumbles to dust.
You feel strangely unstable. Something hits you but does no damage.
Really read
B - 3 scrolls of identify {!r}?
As you read the scroll of identify {!r}, it crumbles to dust.
p - a scroll of magic mapping {!r} Something hits you but does no damage.
Okay, then.
What are your orders? t - Shout!
Orders for allies: a - Attack new target. r - Retreat! s - Stop attacking. g - Guard the area. f - Follow me.
Anything else - Cancel.
You shout for attention!
You hear a zap.
A bolt of acid appears from out of thin air!
The bolt of acid hits you!
* * * LOW HITPOINT WARNING * * *
The acid corrodes you!
You are splashed with acid!
The acid burns!
You die...
Kikubaaqudgha rasps: "You have failed me!
Welcome... oblivion!"

.........# ....
.........#......
...=.....#......
....(....#......
................
..........$.....
....%...........
######
.......@........
#.....
..........#####
#.##.#
#########.#####
#.#..# #. #.#...
#.#.##
#.###+#.#.##
#.#...
#..........#
#.####
#..........#
#....#
#..........#
####.#
#..........#
####.#


There were no monsters in sight!

Vanquished Creatures
  Pikel (D:7)
  Grinder (D:2)
  A hippogriff (D:7)
  2 orc warriors
  2 ogres
  A phantom (D:6)
  3 centaurs
  A big kobold (D:7)
  A bullfrog (D:6)
  Dowan (D:6)
  2 scorpions
  4 howler monkeys
  A crimson imp (D:5)
  A hound (D:5)
  A jelly (D:8)
  3 bullfrog skeletons
  A bullfrog zombie (D:6)
  4 orc priests
  Crazy Yiuf (D:3)
  A centaur skeleton (D:5)
  5 iguanas
  10 orc wizards
  4 worker ants
  4 gnolls (D:6)
  6 adders
  2 howler monkey skeletons
  A shadow imp (D:7)
  An ooze (D:1)
  3 dart slugs
  6 leopard geckos
  27 orcs
  5 bats (D:1)
  5 giant cockroaches
  9 goblins
  3 hobgoblins
  3 quokkas
  4 frilled lizards
  A jackal skeleton (D:4)
  12 kobolds
  A leopard gecko skeleton (D:5)
  A leopard gecko zombie (D:5)
  A quokka skeleton (D:4)
  5 rats
  2 fungi (D:3)
154 creatures vanquished.

Vanquished Creatures (others)
  Duvessa (D:6)
  A slave (D:7)
  2 orc priests (D:7)
  A gnoll shaman (D:7)
  An orc wizard (D:7)
  A killer bee zombie (D:7)
  An adder (D:7)
  2 shadow imps
  An orc (D:7)
11 creatures vanquished.

Grand Total: 165 creatures vanquished

Notes
Turn   | Place    | Note
-------+----------+-------------------------------------------
     0 | D:1      | Amnesiac the Mummy Necromancer began the quest for the Orb.
     0 | D:1      | Reached XP level 1. HP: 13/13 MP: 4/4
   143 | D:1      | Reached XP level 2. HP: 14/20 MP: 0/5
   682 | D:2      | Reached skill level 1 in Fighting
   743 | D:3      | Found an ornate altar of the Wu Jian Council.
   743 | D:3      | Noticed Grinder
   751 | D:3      | Reached XP level 3. HP: 19/26 MP: 4/7
   756 | D:3      | Learned a level 3 spell: Vampiric Draining
   983 | D:3      | Paralysed by Grinder for 2 turns
  1093 | D:4      | Noticed an ogre
  1099 | D:4      | Found a staircase to the Ecumenical Temple.
  1106 | Temple   | Entered the Ecumenical Temple
  1360 | Temple   | Became a worshipper of Kikubaaqudgha
  1448 | D:4      | Found Digeo's Book Shoppe.
  1448 | D:4      | Found Pyere's Book Boutique.
  1451 | D:4      | Found Decw's Assorted Antiques.
  1460 | D:3      | Found a snail-covered altar of Cheibriados.
  1551 | D:2      | Found a hazy altar of Hepliaklqana.
  1608 | D:2      | Reached XP level 4. HP: 28/32 MP: 0/8
  2018 | D:2      | Found a sparkling altar of Nemelex Xobeh.
  2162 | D:2      | Found a radiant altar of Vehumet.
  2429 | D:3      | Paralysed by Grinder for 4 turns
  2435 | D:3      | Paralysed by Grinder for 7 turns
  2446 | D:3      | Reached XP level 5. HP: 10/38 MP: 5/9
  2487 | D:2      | Paralysed by Grinder for 6 turns
  2499 | D:2      | Killed Grinder
  2499 | D:2      | Reached skill level 5 in Necromancy
  2499 | D:2      | Reached XP level 6. HP: 18/46 MP: 10/10
  2791 | D:3      | Found a blossoming altar of Fedhas.
  2793 | D:3      | Found a bloodstained altar of Trog.
  3241 | D:3      | Found a runed door.
  3245 | D:3      | Noticed Crazy Yiuf
  3252 | D:3      | Killed Crazy Yiuf
  3403 | D:4      | Reached XP level 7. HP: 39/52 MP: 0/12
  3489 | D:4      | Reached * piety under Kikubaaqudgha
  3489 | D:4      | Identified Kikubaaqudgha's Almanac of Evil Secrets (Kikubaaqudgha gifted it to you on level 4 of the Dungeon)
  3489 | D:4      | Received a gift from Kikubaaqudgha
  3626 | D:4      | Found an opulent altar of Gozag.
  3646 | D:4      | Found Gozag's Platinum Reserve.
  3733 | D:4      | Reached skill level 5 in Dodging
  3803 | D:4      | Found Ikkador's Gadget Emporium.
  3899 | D:5      | Entered Level 5 of the Dungeon
  4299 | D:5      | Reached skill level 5 in Spellcasting
  4299 | D:5      | Reached XP level 8. HP: 59/60 MP: 15/15
  4451 | D:5      | Reached skill level 1 in Shields
  4652 | D:6      | Found Vuimyidd's Distillery.
  5197 | D:6      | Noticed Dowan
  5198 | D:6      | Noticed Duvessa
  5221 | D:6      | Killed Duvessa
  5371 | D:6      | Reached skill level 5 in Shields
  5546 | D:6      | Killed Dowan
  5640 | D:6      | Reached ** piety under Kikubaaqudgha
  5905 | D:7      | Noticed Pikel
  5922 | D:7      | Killed Pikel
  5922 | D:7      | Reached XP level 9. HP: 35/66 MP: 7/16
  6207 | D:7      | Reached skill level 5 in Fighting
  7160 | D:8      | Noticed Maurice
  7169 | D:8      | Splashed by Maurice's acid

Vault maps used:
D:1:      scummos_arrival_hexagon
D:2:      nicolae_overflow_crystal_walls, overflow_temple_1_default,
          lemuel_coloured_pillars_altar, first_ration
D:3:      chequers_temple_overflow_statue_of_worship, overflow_temple_1_default,
          nicolae_overflow_hidden_temple, uniq_grinder, uniq_crazy_yiuf_cottage
D:4:      temple_green, serial_shops, kennysheep_mini, shop_fountains, shop,
          shop, nicolae_gozag_zags_fifth_avenue
D:6:      serial_shops, shop, uniq_duvessa
D:7:      kennysheep_generic_room_12, uniq_pikel
D:8:      uniq_maurice
Temple:   regret_index_temple_generic_petals

Skill      XL: |  1  2  3  4  5  6  7  8  9 |
---------------+----------------------------+-----
Dodging        | 2 3 4 5 6 |  6.7
Spellcasting   | 3 5 |  5.0
Fighting       | 1 2 3 4 5 |  5.3
Necromancy     | 5 |  5.0
Shields        | 6 |  6.8
Stealth        | |  1.5

Action                   |  1- 3 |  4- 6 |  7- 9 || total
-------------------------+-------+-------+-------++-------
Melee: Unarmed           |     7 |       |       ||     7
       Short sword       |     4 |       |       ||     4
       Trident           |     7 |    11 |       ||    18
       Dagger            |       |    54 |    15 ||    69
       Quarterstaff      |       |       |    12 ||    12
       Scimitar          |       |       |   107 ||   107
       Hunting sling     |       |       |     1 ||     1
 Fire: Hunting sling     |       |    29 |   268 ||   297
 Cast: Pain              |    70 |    96 |    58 ||   224
       Vampiric Draining |     2 |     1 |    32 ||    35
  Use: Scroll            |     5 |       |    10 ||    15
Armor: Robe              |    10 |       |       ||    10
       Ring mail         |    10 |    35 |   179 ||   224
Dodge: Dodged            |    42 |    37 |   292 ||   371
       Rpst.: Scimitar   |       |       |    28 ||    28

Table legend:
 A = Spawn XP
 B = Non-spawn XP
 C = Spawn XP percentage of total XP
 D = Spawn monster count
 E = Non-spawn monster count
 F = Spawn count percentage of total count
 G = Total turns spent on level
                    A         B        C        D         E        F      G
               +---------+---------+-------+---------+---------+-------+---------
         Total |       0 |    4458 |   0.0 |       0 |     154 |   0.0 |  7169
               +---------+---------+-------+---------+---------+-------+---------
           D:1 |       0 |      31 |   0.0 |       0 |      16 |   0.0 |  1009
           D:2 |       0 |     372 |   0.0 |       0 |      20 |   0.0 |   708
           D:3 |       0 |     188 |   0.0 |       0 |      26 |   0.0 |  1164
           D:4 |       0 |     488 |   0.0 |       0 |      22 |   0.0 |   739
           D:5 |       0 |     485 |   0.0 |       0 |      12 |   0.0 |   801
           D:6 |       0 |    1196 |   0.0 |       0 |      27 |   0.0 |  1140
           D:7 |       0 |    1642 |   0.0 |       0 |      29 |   0.0 |  1193
           D:8 |       0 |      56 |   0.0 |       0 |       2 |   0.0 |   118
               +---------+---------+-------+---------+---------+-------+---------
